 Dungeon Sprint DCSS version 0.30-a0-711-gf4ac18a38d (webtiles) character file.

Game seed: 12821002156756532730

300 rocky1 the Basher (level 8, -7/56 HPs)
             Began as a Gargoyle Gladiator on Jan 23, 2023.
             Was an Initiate of Gozag.
             Shot with an arrow by a naga sharpshooter (11 damage)
             ... in the Dungeon (Sprint VI: "Thunderdome").
             The game lasted 00:08:10 (701 turns).

rocky1 the Basher (Gargoyle Gladiator)               Turns: 701, Time: 00:08:10

Health: -7/56      AC: 27    Str: 19    XL:     8   Next: 34%
Magic:  0/8        EV: 11    Int: 13    God:    Gozag
Gold:   231        SH:  0    Dex: 16    Spells: 7/7 levels left

rFire   + . .      SeeInvis .    a - +0 flail
rCold   + + +      Faith    .    (no shield)
rNeg    + + .      Spirit   +    u - +0 plate armour
rPois   ∞          Reflect  .    c - +0 helmet
rElec   +          Harm     .    w - +2 cloak "Ixtacuecs" {+Blink rC++}
rCorr   .          Rampage  .    (no gloves)
Will    .....      NoTele   +    x - +2 pair of boots "Motweofeel" {rElec rF+ rC+} Stlth
                                 r - amulet of Locy {Spirit Dex+3}
HPRegen 0.29/turn                q - ring of Tuig {Contam rN+ EV+5 Int+3 Stlth+}
MPRegen 0.11/turn                s - ring of the Doge {Fly Dex+2}

@: mighty, flying, hasted, constricted, very quick
A: sickness immunity, AC +5, negative energy resistance 1, electricity
resistance, torment resistance 1, petrification resistance
a: Renounce Religion, Evoke Blink, Potion Petition, Call Merchant, Bribe Branch


You were in the Dungeon.
You worshipped Gozag.
Gozag was aware of your devotion.
You visited 1 branch You collected 1995 gold pieces.
You spent 1764 gold pieces at shops.

Inventory:

Hand Weapons
 a - a +0 flail (weapon)
Missiles
 d - 3 throwing nets (quivered)
 e - a javelin
Armour
 b - a +0 leather armour
 c - a +0 helmet (worn)
 u - a +0 plate armour (worn)
 w - the +2 cloak "Ixtacuecs" (worn) {+Blink rC++}
   (You bought it in a shop in the Dungeon)

   rC:        It greatly protects you from cold.
   +Blink:    It lets you blink.
 x - the +2 pair of boots "Motweofeel" (worn) {rElec rF+ rC+}
   (You bought it in a shop in the Dungeon)

   rF:        It protects you from fire.
   rC:        It protects you from cold.
   rElec:     It insulates you from electricity.
Jewellery
 p - the amulet of Sophism {Regen+ Int+2}
   (You bought it in a shop in the Dungeon)

   [amulet of regeneration]

   Int:       It affects your intelligence (+2).
   Regen:     It increases your rate of health regeneration.
 q - the ring of Tuig (left hand) {Contam rN+ EV+5 Int+3 Stlth+}
   (You bought it in a shop in the Dungeon)

   [ring of evasion]

   EV:        It affects your evasion (+5).
   Int:       It affects your intelligence (+3).
   rN:        It protects you from negative energy.
   Contam:    It causes magical contamination when unequipped.
   Stlth:     It makes you more stealthy.
 r - the amulet of Locy (around neck) {Spirit Dex+3}
   (You bought it in a shop in the Dungeon)

   [amulet of guardian spirit]

   It causes incoming damage to be divided between your reserves of health and
   magic.
   Dex:       It affects your dexterity (+3).
 s - the ring of the Doge (right hand) {Fly Dex+2}
   (You bought it in a shop in the Dungeon)

   [ring of flight]

   Dex:       It affects your dexterity (+2).
   Fly:       It grants you flight.
Wands
 m - a wand of quicksilver (2)
 n - a wand of polymorph (5)
 t - a wand of roots (11)
Scrolls
 k - 4 scrolls of blinking
 o - 2 scrolls of fog
Potions
 f - a potion of curing
 h - 8 potions of haste
 i - 2 potions of magic
 j - 5 potions of might
 l - a potion of resistance
 v - 5 potions of attraction


   Skills:
 + Level 9.1 Fighting
 * Level 11.7 Maces & Flails
 - Level 1.7 Throwing
 + Level 8.7 Armour
 + Level 7.2 Dodging


You had 7 spell levels left.
You didn't know any spells.
Your spell library was empty.

Dungeon Overview and Level Annotations

Branches:
Dungeon (1/1)

Altars:
Cheibriados
Dithmenos
Fedhas
Gozag
Kikubaaqudgha
Makhleb
Okawaru
Qazlal
Ru
Sif Muna
Trog
Uskayaw
Vehumet
Wu Jian
Xom
Yredelemnul
Zin
The Shining One
Lugonu

Shops:
D *[??*?*:[((!!!!


Innate Abilities, Weirdness & Mutations

You are immune to sickness and miasma.
Your stone body is resilient. (AC +5)
You are immune to poison.
You resist negative energy. (rN+)
You are resistant to electric shocks. (rElec)
You are resistant to unholy torment.
You are immune to petrification.


Message History

The giant anaconda constricts you.
The naga sharpshooter spits poison at you.
The splash of poison hits you but does no damage.
You resist.
You feel much better.
The giant anaconda bites you but does no damage.
The giant anaconda constricts you.
You sock the giant anaconda!
The giant anaconda is severely wounded.
The giant anaconda barely misses you. The giant anaconda constricts you.
The naga sharpshooter shoots an arrow.
The arrow hits you!
You closely miss the giant anaconda.
The giant anaconda is severely wounded.
The giant anaconda bites you but does no damage.
The giant anaconda constricts you.
You hit the giant anaconda.
The giant anaconda is almost dead.
The naga sharpshooter gestures wildly while chanting.
The naga sharpshooter magically shoots an arrow.
The arrow hits you but does no damage.
The giant anaconda bites you but does no damage.
The giant anaconda constricts you.
You barely miss the giant anaconda.
The giant anaconda is severely wounded.
The giant anaconda bites you. The giant anaconda constricts you.
The naga sharpshooter shoots an arrow.
The arrow hits you!
* * * LOW HITPOINT WARNING * * *
You closely miss the giant anaconda. Your punch misses the giant anaconda.
The giant anaconda is severely wounded.
The giant anaconda barely misses you. The giant anaconda constricts you.
You miss the giant anaconda.
The giant anaconda is severely wounded.
The giant anaconda bites you!
* * * LOW HITPOINT WARNING * * *
The giant anaconda constricts you.
The naga sharpshooter mumbles some strange words.
The naga sharpshooter magically shoots an arrow.
The arrow hits you!
You die...
Your body crumbles into a pile of gold.

###.........### #⌠.......N...⌠#
######.8.........8.######
##.___......###......___∩##
###∩........8.# #.8........∩###
#.............###§............##
⌠..........###§§N###..........⌠#
⌠..........# #§§§# #..........⌠#
⌠..........###§§@###..........⌠#
#.............###SS...........##
###∩....[[..8.# #§8N.......∩###
##∩.__......###)§....__.∩##
######.8.........8.######
#⌠...........§# ###.........###
#_.....)._# #_......._#


You could see a naga sharpshooter, a giant anaconda, a black mamba and a naga.

Vanquished Creatures
  Sigmund (D)
  A naga (D)
  4 floating eyes (D)
  A water moccasin (D)
  6 killer bees (D)
  A jelly (D)
  Terence (D)
  4 adders (D)
  A dart slug (D)
  A bat (D)
  2 endoplasms (D)
  2 ball pythons (D)
  A kobold (D)
26 creatures vanquished.

Notes
Turn   | Place    | Note
-------+----------+-------------------------------------------
     0 | D        | rocky1 the Gargoyle Gladiator began the quest for the Orb.
     0 | D        | Reached XP level 1. HP: 12/12 MP: 1/1
     4 | D        | Found a snail-covered altar of Cheibriados.
     4 | D        | Found a glowing silver altar of Zin.
     5 | D        | Found a sacrificial altar of Ru.
     5 | D        | Found a shadowy altar of Dithmenos.
     5 | D        | Round 1.
     7 | D        | Found an ornate altar of the Wu Jian Council.
     7 | D        | Found a shimmering blue altar of Sif Muna.
     7 | D        | Found Dicveish's Identification Station.
     8 | D        | Found Ezicif's Jewellery.
     8 | D        | Found Guomelil's Advanced Armour.
    17 | D        | Bought a twitching jade amulet for 45 gold pieces
    17 | D        | Identified the amulet of Sophism {Regen+ Int+2} (You bought
                  | it in a shop in the Dungeon)
    17 | D        | Bought an ancient gossamer ring for 45 gold pieces
    17 | D        | Identified the ring of Tuig {Contam rN+ EV+5 Int+3 Stlth+}
                  | (You bought it in a shop in the Dungeon)
    17 | D        | Bought a brightly glowing garnet amulet for 45 gold pieces
    17 | D        | Identified the amulet of Locy {Spirit Dex+3} (You bought it
                  | in a shop in the Dungeon)
    17 | D        | Bought a crude glass ring for 45 gold pieces
    17 | D        | Identified the ring of the Doge {Fly Dex+2} (You bought it
                  | in a shop in the Dungeon)
    29 | D        | Found an iron altar of Okawaru.
    36 | D        | Noticed Sigmund
    46 | D        | Killed Sigmund
    47 | D        | Reached skill level 5 in Fighting
    47 | D        | Reached skill level 7 in Maces & Flails
    47 | D        | Reached XP level 2. HP: 7/21 MP: 2/2
    47 | D        | Reached XP level 3. HP: 8/26 MP: 3/3
    47 | D        | Reached XP level 4. HP: 10/31 MP: 4/4
    47 | D        | Reached XP level 5. HP: 11/35 MP: 5/5
    47 | D        | Noticed Terence
    55 | D        | Reached skill level 5 in Armour
    73 | D        | Killed Terence
    76 | D        | Found a burning altar of Makhleb.
    76 | D        | Found a stormy altar of Qazlal.
    80 | D        | Found Mammoere's Premium Goods.
    81 | D        | Found a bloodstained altar of Trog.
    81 | D        | Found a shimmering altar of Xom.
    81 | D        | Found an opulent altar of Gozag.
    81 | D        | Found Midinwiy's Weapon Rack.
    83 | D        | Found Yguempus's Miscellaneous Merchandise.
    83 | D        | Found Ijabaaf's Basic Armour.
    86 | D        | Found an ancient bone altar of Kikubaaqudgha.
    93 | D        | Became a worshipper of Gozag Ym Sagoz the Greedy
   115 | D        | Found Kome's Magic Scroll Shop.
   119 | D        | Found a corrupted altar of Lugonu.
   119 | D        | Found a radiant altar of Vehumet.
   119 | D        | Found Xasi's Staff Store.
   126 | D        | Arena points: 14 (+14) [x2]
   134 | D        | Found Noischedd's Magic Scroll Shop.
   134 | D        | Found Plog's Must-Have Magic.
   158 | D        | Found a hide-covered altar of Uskayaw.
   160 | D        | Found a glowing golden altar of the Shining One.
   160 | D        | Found a blossoming altar of Fedhas.
   160 | D        | Round 2.
   163 | D        | Found Loqa's Distillery.
   164 | D        | Found Wacen's Distillery.
   164 | D        | Found Taofoats's Bottled Wisdom.
   171 | D        | Found Nadeazer's Do-It-Yourself Clinic.
   171 | D        | Found a basalt altar of Yredelemnul.
   262 | D        | Reached skill level 8 in Maces & Flails
   262 | D        | Reached skill level 5 in Dodging
   281 | D        | Reached XP level 6. HP: 41/41 MP: 6/6
   287 | D        | Noticed a water moccasin
   306 | D        | Killed a water moccasin
   307 | D        | Reached skill level 9 in Maces & Flails
   312 | D        | Arena points: 56 (+42) [x3]
   365 | D        | Round 3.
   394 | D        | Reached XP level 7. HP: 48/48 MP: 3/7
   399 | D        | Reached skill level 10 in Maces & Flails
   412 | D        | Arena points: 140 (+84) [x4]
   440 | D        | Bought 6 potions of might for 168 gold pieces
   440 | D        | Bought 5 potions of haste for 350 gold pieces
   441 | D        | Round 4.
   472 | D        | Bought a +0 plate armour for 276 gold pieces
   504 | D        | Paralysed by a floating eye for 3 turns
   546 | D        | Bought 6 potions of attraction for 126 gold pieces
   556 | D        | Paralysed by a floating eye for 2 turns
   560 | D        | Reached skill level 11 in Maces & Flails
   564 | D        | Reached XP level 8. HP: 55/55 MP: 8/8
   591 | D        | Arena points: 300 (+160) [x5]
   613 | D        | Bought a dazzling cloak for 332 gold pieces
   613 | D        | Identified the +2 cloak "Ixtacuecs" {+Blink rC++} (You
                  | bought it in a shop in the Dungeon)
   613 | D        | Bought a pair of ichor-stained boots for 332 gold pieces
   613 | D        | Identified the +2 pair of boots "Motweofeel" {rElec rF+
                  | rC+} (You bought it in a shop in the Dungeon)
   632 | D        | Round 5.
   652 | D        | Noticed a black mamba
   665 | D        | Noticed a giant anaconda
   674 | D        | Noticed a naga sharpshooter
   701 | D        | Shot with an arrow by a naga sharpshooter

Illustrated notes

Levels and vault maps discovered:
D:        arena_sprint

Skill      XL: |  1  2  3  4  5  6  7  8 |
---------------+-------------------------+-----
Fighting       | 5 6 7 8 9 |  9.1
Maces & Flails | 7 8 9 11 | 11.7
Armour         | 4 5 7 8 |  8.7
Dodging        | 4 5 6 7 |  7.2
Throwing       | |  1.7

Action                     |  1- 3 |  4- 6 |  7- 9 || total
---------------------------+-------+-------+-------++-------
  Melee: Flail             |       |    85 |    78 ||   163
         Unarmed           |       |    17 |       ||    17
         Punch             |       |     1 |     1 ||     2
  Evoke: Wand              |     7 |     1 |       ||     8
    Use: Potion            |       |     2 |     6 ||     8
         Scroll            |       |       |     1 ||     1
 Armour: Leather armour    |     1 |    27 |    12 ||    40
         Plate armour      |       |       |    29 ||    29
  Dodge: Dodged            |     2 |   155 |    59 ||   216

Table legend: (Time is in decaauts)
 A = Elapsed time spent in this place.
 B = Non-inter-level travel time spent in this place.
 C = Inter-level travel time spent in this place.
 D = Time resting spent in this place.
 E = Time spent auto-exploring this place.
 F = Levels seen in this place.
 G = Mean time per level.
                   A        B        C        D        E       F      G
               +--------+--------+--------+--------+--------+-----+--------+
         Total |    685 |    685 |      0 |     50 |      0 |   1 |  685.0 |
       Dungeon |    685 |    685 |      0 |     50 |      0 |   1 |  685.0 |
               +--------+--------+--------+--------+--------+-----+--------+

Top non-repeatable levels by time:
       D: 685 daAuts
